 Dungeon Crawl Stone Soup version 0.30-a0-696-g2367cd04db (webtiles) character file.

Game seed: 12418745663385939043

36219 Darius099 the Grappler (level 13, 0/139 HPs)
             Began as a Troll Berserker on Jan 21, 2023.
             Was a High Priest of Trog.
             Slain by a hell knight
             ... wielding a +1 flail of flaming
              (2 damage)
             ... in a volcano.
             The game lasted 00:45:22 (13723 turns).

Darius099 the Grappler (Troll Berserker)           Turns: 13723, Time: 00:45:23

Health: 0/139      AC: 11    Str: 30    XL:     13   Next: 51%
Magic:  12/12      EV: 14    Int:  3    God:    Trog [*****.]
Gold:   1149       SH:  0    Dex: 11    Spells: 12/12 levels left

rFire   + + .      SeeInvis .      - Unarmed
rCold   + . .      Faith    .    (no shield)
rNeg    . . .      Spirit   .    u - +0 robe {rC+ rF+}
rPois   +          Reflect  .    (helmet restricted)
rElec   .          Harm     .    y - +0 cloak
rCorr   .          Rampage  .    (gloves unavailable)
Will    .....                    (boots unavailable)
Stlth   +                        F - amulet of regeneration
HPRegen 2.03/turn                L - +4 ring of protection
MPRegen 0.13/turn                n - ring of protection from fire

@: mighty, hasted, unable to read, very quick
A: large, unfitting armour, claws 3, regeneration 1, shaggy fur 1, tough skin 1,
iridescent scales 1, poison resistance, inability to read after injury 1
a: Renounce Religion, Berserk, Trog's Hand, Brothers in Arms


You were in a volcano.
You worshipped Trog.
Trog was extremely pleased with you.
You visited 2 branches of the dungeon, and saw 16 of its levels.
You also visited: Sewer and Volcano.

You collected 1149 gold pieces.

Inventory:

Missiles
 K - 13 large rocks (quivered)
Armour
 u - a +0 robe of resistance (worn)
 y - a +0 cloak (worn)
 H - a +2 troll leather armour
Jewellery
 m - an amulet of reflection
 n - a ring of protection from fire (right claw)
 q - a +6 ring of dexterity
 w - a ring of ice
 F - an amulet of regeneration (around neck)
 L - a +4 ring of protection (left claw)
 M - a ring of willpower
 P - a ring of willpower
 Q - a ring of flight
Wands
 r - a wand of paralysis (17)
 x - a wand of flame (38)
 C - a wand of light (14)
 E - a wand of digging (5)
 R - a wand of mindburst (7)
Scrolls
 e - a scroll of butterflies {unknown}
 f - 2 scrolls of identify
 g - 2 scrolls of magic mapping
 i - a scroll of blinking
 k - 5 scrolls of teleportation
 o - a scroll of brand weapon {unknown}
 v - 4 scrolls of fog
 A - a scroll of enchant weapon
 D - 2 scrolls of vulnerability
 G - a scroll of poison
 S - a scroll of amnesia {unknown}
Potions
 b - 4 potions of attraction
 c - 3 potions of might
 d - a potion of invisibility {unknown}
 h - a potion of berserk rage {unknown}
 j - 4 potions of magic
 l - 5 potions of heal wounds
 p - 5 potions of flight
 s - 2 potions of lignification {unknown}
 t - 5 potions of curing
 z - 3 potions of resistance {unknown}
 B - 3 potions of ambrosia
 I - a potion of mutation
 J - 2 potions of brilliance {unknown}
 N - a potion of cancellation {unknown}
Miscellaneous
 O - a phial of floods


   Skills:
 + Level 11.8 Fighting
 + Level 11.9 Dodging
 + Level 13.9 Unarmed Combat


You had 12 spell levels left.
You didn't know any spells.
Your spell library was empty.

Dungeon Overview and Level Annotations

Branches:
Dungeon (13/15)            Temple (0/1) D:5            Lair (4/5) D:10
 Shoals (0/4) Lair:2        Slime (0/5) Lair:4          Orc (0/2) D:10
  Sewer (visited)         Volcano (1/1)
  Snake: Lair:2-3    Spider: Lair:2-3    Vaults: D:13-14

Altars:
Cheibriados
Dithmenos
Elyvilon
Fedhas
Gozag
Hepliaklqana
Makhleb
Okawaru
Qazlal
Ru
Sif Muna
Trog
Zin
The Shining One

Shops:
D:7 ?   D:10 [(

Annotations:
Lair:4 1 runed translucent door, relicbr's ghost, journeyman DsNe


Innate Abilities, Weirdness & Mutations

You are too large for most types of armour.
You have claws for hands.
Your natural rate of healing is unusually fast.
You are covered in fur. (AC +1)
You have tough skin. (AC +1)
You are partially covered in iridescent scales. (AC +2)
Your system is resistant to poisons. (rPois)
You occasionally lose the ability to read scrolls when taking damage.


Message History

Things that are here:
a +0 great mace of flaming; a +0 giant club of flaming; a two-headed ogre corpse You feel much better.
The hell knight hits you with a +1 flail of flaming!!
* * * LOW HITPOINT WARNING * * *
The hell knight burns you.
* * * LOW HITPOINT WARNING * * *
You feel much better.
The hell knight hits you with a +1 flail of flaming.
* * * LOW HITPOINT WARNING * * *
The hell knight closely misses you.
The hell knight hits your ogre with a +1 flail of flaming.
The hell knight burns your ogre.
Your ogre barely misses the hell knight.
The hell knight hits your ogre with a +1 flail of flaming!!
The hell knight burns your ogre.
The hell knight hits your ogre with a +1 flail of flaming!
The hell knight burns your ogre.
Your ogre dies!
Your ogre's corpse disappears in a puff of smoke!
You see here a +0 leather armour.
Okay, then.
Aiming: Paralyse
Press: ? - help, Shift-Dir - straight line, f - hell knight
Aim: a hell knight, wielding a +1 flail of flaming and wearing a +0 chain mail of fire resistance (fast, chance to affect: 31%)
The hell knight easily resists.
You feel very mighty all of a sudden.
The hell knight calls down the wrath of its god upon you.
The bolt of fire hits you. You resist.
You feel yourself speed up.
The hell knight hits you with a +1 flail of flaming!!
* * * LOW HITPOINT WARNING * * *
The hell knight burns you.
* * * LOW HITPOINT WARNING * * *
You scratch the hell knight.
The hell knight is lightly wounded.
The hell knight hits you with a +1 flail of flaming!!
* * * LOW HITPOINT WARNING * * *
The hell knight burns you.
You die...

..# .??∩ #### ...#
...##.#∩. )).##..
.)!.# ######
#..#.##...#
#.∩..####.#...O.#
###@p).)##....#
######.#....##
#....∩∩..#
.O)..####.........
[!..# #......###.
#..## #.###.##..#
## )). ## ..# ∩#.
?. # ## #


You could see a hell knight (fast).

Vanquished Creatures
  A hydra (Lair:2)
  2 boulder beetles
  10 two-headed ogres
  The ghost of wormed the Transmogrifier, a journeyman OpCK of Gozag (D:8)
  The ghost of ShnitzelX3 the Covert, a journeyman FeMo of Vehumet (D:12)
  The ghost of Loveship the Cleaver, a novice HOFi of Beogh (D:6)
  A spectral wolf spider (D:12)
  A wolf spider zombie (D:12)
  A deep elf pyromancer (D:13)
  3 manticores
  3 cyclopes
  An ugly thing (D:12)
  2 spectral centaurs (D:12)
  2 centaur zombies (D:12)
  Joseph (D:8)
  9 elephants
  A gargoyle (D:10)
  3 cane toads
  2 kobold demonologists (D:10)
  A rime drake (Lair:2)
  An efreet (D:12)
  2 komodo dragons
  A troll (D:10)
  A wind drake (Lair:2)
  11 blink frogs (Lair:1)
  3 shadows
  A centaur simulacrum (D:12)
  Sigmund (D:4)
  5 wyverns
  25 yaks
  6 basilisks
  2 acid dragons
  3 water moccasins
  5 ice beasts
  6 black bears
  A sky beast (D:7)
  3 ogres
  9 wolves
  5 centaurs
  2 phantoms
  6 bullfrogs
  5 kobold brigands
  2 necrophages
  A gnoll sergeant (D:10)
  4 scorpions
  3 wights (D:6)
  13 killer bees
  An electric eel (D:13)
  2 howler monkeys (D:6)
  2 jellies
  3 hounds
  A spectral boggart (D:12)
  6 orc priests
  Ijyb (D:4)
  A boggart zombie (D:12)
  4 iguanas
  8 orc wizards
  15 gnolls
  6 adders
  3 shadow imps
  A white imp (D:6)
  A worm (D:4)
  4 dart slugs
  37 orcs
  8 ball pythons
  12 endoplasms
  6 giant cockroaches
  8 goblins
  6 hobgoblins
  2 jackals (D:4)
  4 quokkas
  8 bats
  3 frilled lizards
  45 kobolds
  12 rats
384 creatures vanquished.

Vanquished Creatures (collateral kills)
  A hydra (D:12)
  Urug (D:10)
  Grum (D:8)
  A wolf (D:8)
4 creatures vanquished.

Vanquished Creatures (others)
  6 fungi
  9 plants
  2 withered plants (D:6)
17 creatures vanquished.

Grand Total: 405 creatures vanquished

Notes
Turn   | Place    | Note
-------+----------+-------------------------------------------
     0 | D:1      | Darius099 the Troll Berserker began the quest for the Orb.
     0 | D:1      | Reached XP level 1. HP: 22/22 MP: 0/0
   104 | D:1      | Reached XP level 2. HP: 27/29 MP: 1/1
   349 | D:1      | Reached ** piety under Trog
   544 | D:1      | Reached XP level 3. HP: 36/36 MP: 2/2
  1637 | D:3      | Noticed a necrophage
  1646 | D:3      | Killed a necrophage
  1647 | D:3      | Reached skill level 4 in Unarmed Combat
  1647 | D:3      | Reached XP level 4. HP: 33/45 MP: 3/3
  1673 | D:3      | Gained mutation: Your body sometimes deteriorates upon
                  | taking damage. [potion of mutation]
  1674 | D:3      | Lost mutation: Your body sometimes deteriorates upon taking
                  | damage. [potion of mutation]
  1674 | D:3      | Gained mutation: Your system is resistant to poisons.
                  | (rPois) [potion of mutation]
  1674 | D:3      | Gained mutation: You occasionally lose the ability to read
                  | scrolls when taking damage. [potion of mutation]
  1674 | D:3      | Gained mutation: You are partially covered in iridescent
                  | scales. (AC +2) [potion of mutation]
  1766 | D:3      | Reached XP level 5. HP: 53/53 MP: 4/4
  2174 | D:4      | Reached XP level 6. HP: 8/62 MP: 5/5
  2292 | D:4      | Noticed Ijyb
  2305 | D:4      | Killed Ijyb
  2308 | D:4      | Reached *** piety under Trog
  2374 | D:4      | Reached skill level 5 in Unarmed Combat
  2561 | D:4      | Reached XP level 7. HP: 66/71 MP: 6/6
  2615 | D:4      | Noticed Sigmund
  2621 | D:4      | Killed Sigmund
  2757 | D:5      | Entered Level 5 of the Dungeon
  2882 | D:5      | Reached skill level 5 in Fighting
  2919 | D:5      | Reached skill level 5 in Dodging
  2919 | D:5      | Reached skill level 6 in Unarmed Combat
  3031 | D:5      | Reached XP level 8. HP: 58/80 MP: 7/7
  3214 | D:5      | Found a staircase to the Ecumenical Temple.
  3522 | D:5      | Found a white marble altar of Elyvilon.
  3524 | D:5      | Found a hazy altar of Hepliaklqana.
  3526 | D:5      | Found a shadowy altar of Dithmenos.
  3652 | D:5      | Found a snail-covered altar of Cheibriados.
  3907 | D:6      | Reached skill level 7 in Unarmed Combat
  3944 | D:6      | Found a glowing drain.
  3948 | Sewer    | Entered a sewer
  3959 | Sewer    | Reached **** piety under Trog
  4396 | D:6      | Found a sacrificial altar of Ru.
  4405 | D:6      | Reached XP level 9. HP: 71/89 MP: 8/8
  4459 | D:6      | Found a runed translucent door.
  4459 | D:6      | Noticed Loveship's ghost (novice HOFi)
  4726 | D:6      | Killed Loveship's ghost
  4726 | D:6      | Reached ***** piety under Trog
  4727 | D:6      | Reached skill level 8 in Unarmed Combat
  5160 | D:7      | Found a glowing golden altar of the Shining One.
  5229 | D:7      | Found a shimmering blue altar of Sif Muna.
  5236 | D:7      | Found an opulent altar of Gozag.
  5295 | D:7      | Found Ussig's Magic Scroll Shop.
  5552 | D:8      | Reached XP level 10. HP: 56/102 MP: 9/9
  5554 | D:8      | Reached skill level 9 in Unarmed Combat
  5625 | D:8      | Found a blossoming altar of Fedhas.
  5626 | D:8      | Found a stormy altar of Qazlal.
  5668 | D:8      | Noticed Grum
  5687 | D:8      | Killed Grum
  5768 | D:8      | Noticed Joseph
  5898 | D:8      | Killed Joseph
  5909 | D:8      | Received a gift from Trog
  5996 | D:8      | Noticed wormed's ghost (journeyman OpCK)
  6003 | D:8      | Found a transporter.
  6007 | D:8      | Found a transporter.
  6555 | D:8      | Killed wormed's ghost
  6630 | D:9      | Found a bloodstained altar of Trog.
  6785 | D:9      | Reached skill level 10 in Unarmed Combat
  7107 | D:9      | Noticed a two-headed ogre
  7112 | D:9      | Killed a two-headed ogre
  7113 | D:9      | Reached XP level 11. HP: 109/113 MP: 10/10
  7472 | D:10     | Entered Level 10 of the Dungeon
  7551 | D:10     | Found Luoptic's Weapon Shop.
  7551 | D:10     | Found a staircase to the Orcish Mines.
  7622 | D:10     | Found Koak's Armour Shop.
  7634 | D:10     | Noticed a sixfirhy
  7728 | D:10     | Noticed a two-headed ogre
  7750 | D:10     | Killed a two-headed ogre
  7905 | D:10     | Found a staircase to the Lair.
  7926 | D:10     | Reached skill level 11 in Unarmed Combat
  8125 | D:10     | Found a glowing silver altar of Zin.
  8128 | D:10     | Found a burning altar of Makhleb.
  8130 | D:10     | Noticed an angel
  8131 | D:10     | Noticed a cacodemon
  8231 | D:10     | Noticed Urug
  8239 | D:10     | Killed Urug
  8994 | D:11     | Noticed a two-headed ogre
  9003 | D:11     | Killed a two-headed ogre
  9280 | D:12     | Found a runed translucent gate.
  9281 | D:12     | Found a runed translucent gate.
  9281 | D:12     | Found a runed translucent gate.
  9284 | D:12     | Noticed ShnitzelX3's ghost (journeyman FeMo)
  9357 | D:12     | Noticed a five-headed hydra
  9556 | D:12     | Noticed a two-headed ogre
  9562 | D:12     | Killed a two-headed ogre
  9563 | D:12     | Reached skill level 10 in Fighting
  9563 | D:12     | Reached skill level 10 in Dodging
  9563 | D:12     | Reached XP level 12. HP: 126/126 MP: 11/11
  9569 | D:12     | Noticed a two-headed ogre
  9574 | D:12     | Killed a two-headed ogre
  9673 | D:12     | Found an iron altar of Okawaru.
  9694 | D:12     | Killed a six-headed hydra
  9695 | D:12     | Reached skill level 12 in Unarmed Combat
  9930 | D:12     | Noticed a boulder beetle
  9949 | D:12     | Killed a boulder beetle
 10227 | D:12     | Killed ShnitzelX3's ghost
 11423 | D:13     | Noticed a centaur warrior
 11663 | Lair:1   | Entered Level 1 of the Lair of Beasts
 11855 | Lair:1   | Noticed a boulder beetle
 11869 | Lair:1   | Killed a boulder beetle
 11944 | Lair:1   | Reached skill level 13 in Unarmed Combat
 12084 | Lair:1   | Reached XP level 13. HP: 137/137 MP: 12/12
 13193 | Lair:2   | Found a staircase to the Shoals.
 13349 | Lair:2   | You fall into a shaft and drop 2 floors!
 13349 | Lair:4   | Found a runed translucent door.
 13350 | Lair:4   | Noticed relicbr's ghost (journeyman DsNe)
 13496 | Lair:4   | Found a staircase to the Slime Pits.
 13662 | Lair:4   | Found a dark tunnel.
 13680 | Volcano  | Entered a volcano
 13723 | Volcano  | HP: 2/139 [hell knight/+1 flail of flaming (20)]
 13723 | Volcano  | Slain by a hell knight

Illustrated notes

Levels and vault maps discovered:
D:1:      dpeg_arrival_orchard, layout_basic, serial_corexii_hall,
          chequers_hall_statues_wall_a, corexii_hall_statues_l,
          corexii_hall_statues_u, serial_bayou_pond_d
D:2:      layout_loops_corners
D:3:      layout_basic, minmay_misc_feat_tower
D:4:      layout_rooms, minmay_misc_feat_encased, uniq_sigmund, uniq_ijyb
D:5:      layout_loops_corners, grunt_temple_overflow_diamond,
          kennysheep_slug_shrine, minmay_temple_entry_from_below_a
D:6:      layout_basic, nicolae_ru_awakened_eye, gammafunk_ghost_grave,
          gup_sewer_entry_bowl, minmay_misc_feat_iff
D:7:      layout_cave_pools, tso_oasis_becter, mainiacjoe_overflow_big_doors,
          serial_shops, nicolae_diamond_shop, serial_column_ruins,
          column_ruins_hut, column_ruins_hut_ruined,
          column_ruins_columns_straight, column_ruins_open_tiny,
          column_ruins_open_large, column_ruins_grid_3,
          column_ruins_columns_straight, column_ruins_corridor_water,
          column_ruins_columns_dead_end
D:8:      layout_loops_ring, grunt_temple_overflow_forces_of_nature,
          gammafunk_ghost_hive, uniq_grum, uniq_joseph
D:9:      layout_loops_ring, trog_ov_bears_minmay
D:10:     layout_loops_corners, grunt_temple_overflow_order_and_chaos_2,
          lair_entry_dummy, orc_david_3, serial_shops, nicolae_shop_stone,
          hangedman_abyss_or_decor_slice, uniq_urug
D:11:     layout_long_grid
D:12:     layout_roguey, gammafunk_ghost_necromancy, okawaru_gym_becter
D:13:     layout_small_grid, ximxim_vaults_locker_room, portal_ice_cave_rime,
          st_stairs_5, serial_bayou_pond_b, uniq_lodul, uniq_maurice,
          uniq_jorgrun
Lair:1:   layout_layer_cave
Lair:2:   layout_loops_ring, minmay_shoals_entry_beasts, basic_altar
Lair:4:   layout_layer_cave, nicolae_slime_entry_slimehenge,
          ebering_ghost_inner_flame, enter_volcano_4,
          nicolae_lair_time_for_slime
Volcano:  volcano_caves

Skill      XL: |  1  2  3  4  5  6  7  8  9 10 11 12 |
---------------+-------------------------------------+-----
Dodging        | 3 4 5 6 7 8 10 11 | 11.9
Fighting       | 3 4 5 6 7 8 10 11 | 11.8
Unarmed Combat | 4 5 6 7 8 10 11 13 | 13.9

Action                   |  1- 3 |  4- 6 |  7- 9 | 10-12 | 13-15 || total
-------------------------+-------+-------+-------+-------+-------++-------
Melee: Unarmed           |    99 |   116 |   326 |   595 |   151 ||  1287
       Punch             |       |     4 |    15 |    44 |    11 ||    74
Invok: Brothers in Arms  |       |       |       |     5 |     1 ||     6
       Berserk           |       |       |       |     2 |       ||     2
       Trog's Hand       |       |       |       |     2 |       ||     2
Evoke: Wand              |       |       |       |       |     1 ||     1
  Use: Scroll            |       |     2 |     7 |     9 |     3 ||    21
       Potion            |       |     2 |       |     3 |     4 ||     9
 Stab: Sleeping          |       |     1 |     3 |       |       ||     4
Armor: Animal skin       |    19 |       |       |       |       ||    19
       Robe              |    16 |    33 |   103 |    65 |     3 ||   220
       Troll leather arm |       |       |       |   187 |    58 ||   245
Dodge: Dodged            |    41 |    48 |   166 |   483 |    97 ||   835
Block: Other             |       |    20 |    85 |    51 |       ||   156
       Reflection        |       |       |     4 |       |       ||     4

Table legend: (Time is in decaauts)
 A = Elapsed time spent in this place.
 B = Non-inter-level travel time spent in this place.
 C = Inter-level travel time spent in this place.
 D = Time resting spent in this place.
 E = Time spent auto-exploring this place.
 F = Levels seen in this place.
 G = Mean time per level.
                   A        B        C        D        E       F      G
               +--------+--------+--------+--------+--------+-----+--------+
         Total |  13496 |  12913 |    583 |   1533 |   7135 |  18 |  749.8 |
       Dungeon |  11158 |  10613 |    545 |   1408 |   5934 |  13 |  858.3 |
          Lair |   1965 |   1927 |     38 |    125 |   1053 |   3 |  655.0 |
         Sewer |    337 |    337 |      0 |      0 |    148 |   1 |  337.0 |
       Volcano |     35 |     35 |      0 |      0 |      0 |   1 |   35.0 |
               +--------+--------+--------+--------+--------+-----+--------+

Top non-repeatable levels by time:
    D:12: 2161 daAuts
  Lair:1: 1463 daAuts
    D:10: 1223 daAuts
     D:8: 1030 daAuts
     D:5: 1029 daAuts
     D:6: 842 daAuts
     D:9: 827 daAuts
     D:2: 775 daAuts
     D:1: 709 daAuts
     D:4: 696 daAuts
    D:11: 590 daAuts
     D:7: 574 daAuts
     D:3: 557 daAuts
   Sewer: 337 daAuts
  Lair:4: 311 daAuts
